 Dungeon Crawl Stone Soup version 0.24-a0-184-gcb5ae2c (webtiles) character file.

Game seed: 6466552810910018745

156510 Dfrag the Eclecticist (level 17, -23/133 HPs)
             Began as a Demonspawn Fire Elementalist on Mar 15, 2019.
             Was the Champion of Vehumet.
             Killed from afar by a deep elf annihilator (52 damage)
             ... with a bolt of lightning
             ... on level 3 of the Elven Halls.
             The game lasted 00:57:36 (25106 turns).

Dfrag the Eclecticist (DsFE)                       Turns: 25106, Time: 00:57:37

Health: -23/133    AC: 15    Str: 11    XL:     17   Next: 10%
Magic:  27/52      EV: 12    Int: 23    God:    Vehumet [******]
Gold:   1567       SH:  0    Dex: 14    Spells: 23/49 levels left

rFire    + + +     SeeInvis .   u - staff of power
rCold    x x .     Gourm    .   (no shield)
rNeg     . . .     Faith    .   t - +2 leather armour {rF+}
rPois    .         Spirit   .   J - +2 helmet
rElec    .         Reflect  .   K - +2 cloak
rCorr    .         Harm     +   a - +0 pair of gloves
MR       +....                  N - +0 pair of boots
Stlth    ++........             y - amulet of harm
HPRegen  0.32/turn              O - ring of fire
MPRegen  0.33/turn              S - ring of fire

@: very slightly contaminated
A: hooves 1, rugged brown scales 2, clever 1, demonic guardian 2, fire
resistance 1, foul stench 2, wild magic 1, rot immunity
a: Renounce Religion


You were on level 3 of the Elven Halls.
You worshipped Vehumet.
Vehumet was exalted by your worship.
You were not hungry.

You visited 5 branches of the dungeon, and saw 24 of its levels.
You also visited: Sewer and Ossuary.

You collected 2483 gold pieces.
You spent 916 gold pieces at shops.

Inventory:

Hand Weapons
 D - a +4 scimitar of flaming
Missiles
 o - 7 javelins of penetration (quivered)
Armour
 a - a +0 pair of gloves (worn)
 t - a +2 leather armour of fire resistance (worn)
 J - a +2 helmet (worn)
 K - a +2 cloak (worn)
 N - a +0 pair of boots (worn)
 R - a +2 robe of cold resistance
Magical Staves
 u - an uncursed staff of power (weapon)
Jewellery
 k - an uncursed amulet of magic regeneration
 y - an amulet of harm (around neck)
 G - a +5 ring of protection
 L - an uncursed ring of see invisible
 O - a ring of fire (left hand)
 S - a ring of fire (right hand)
 X - an uncursed ring of poison resistance
Wands
 C - a wand of iceblast (33)
 E - a wand of scattershot (4)
 U - a wand of acid (18)
 Z - a wand of clouds (3)
Scrolls
 d - 2 scrolls of fear
 e - 9 scrolls of remove curse
 f - 6 scrolls of blinking
 j - 13 scrolls of teleportation
 m - 5 scrolls of fog
 n - 7 scrolls of immolation
 s - 2 scrolls of magic mapping
 v - a scroll of identify
 w - 2 scrolls of amnesia
 H - 3 scrolls of brand weapon
 M - 2 scrolls of holy word
 P - 5 scrolls of enchant armour
Potions
 g - 6 potions of agility
 h - 10 potions of curing
 i - a potion of ambrosia
 l - 2 potions of brilliance
 p - 7 potions of magic
 q - 2 potions of berserk rage
 r - 5 potions of mutation
 x - 6 potions of lignification
 z - 10 potions of heal wounds
 F - 3 potions of might
 Q - a potion of invisibility
 T - 3 potions of flight
 W - 3 potions of resistance
Miscellaneous
 A - a lightning rod (4/4)
Comestibles
 c - 44 rations


   Skills:
 + Level 9.7 Fighting
 - Level 1.7 Dodging
 - Level 1.7 Stealth
 + Level 16.8 Spellcasting
 - Level 16.0 Conjurations
 - Level 15.0 Fire Magic


You had 23 spell levels left.
You knew the following spells:

 Your Spells              Type           Power        Failure   Level  Hunger
a - Airstrike             Air            ####......   13%         4    None
b - Conjure Flame         Conj/Fire      ########     1%          3    None
c - Sticky Flame          Conj/Fire      ########     1%          4    None
d - Fireball              Conj/Fire      ########..   1%          5    #......
e - Searing Ray           Conj           ######       1%          2    None
f - Flame Tongue          Conj/Fire      #####        1%          1    None
g - Orb of Destruction    Conj           #######...   1%          7    ######.

Your spell library contained the following spells:

 Spells                   Type           Power        Failure   Level  Hunger
 Poison Arrow             Conj/Pois      ######....   9%          6    ####...
 Freeze                   Ice            ####         1%          1    None
 Shock                    Conj/Air       ####         1%          1    None
 Throw Flame              Conj/Fire      ######       1%          2    None
 Throw Frost              Conj/Ice       ######       1%          2    None
 Inner Flame              Hex/Fire       ########     1%          3    None
 Static Discharge         Conj/Air       ######..     1%          3    None
 Throw Icicle             Conj/Ice       ######..     1%          4    None
 Lightning Bolt           Conj/Air       ######....   1%          5    #......
 Swiftness                Chrm/Air       ####....     9%          2    None
 Bolt of Cold             Conj/Ice       ######....   9%          6    ####...
 Ozocubu's Armour         Chrm/Ice       ####....     16%         3    None
 Freezing Cloud           Conj/Ice/Air   ######....   21%         6    ####...
 Ice Form                 Ice/Tmut       ####....     45%         4    None
 Summon Ice Beast         Ice/Summ       ####....     45%         4    None
 Metabolic Englaciation   Hex/Ice        ####......   78%         5    #......
 Ozocubu's Refrigeration  Ice            ####......   82%         6    ####...
 Simulacrum               Ice/Necr       ####......   100%        6    ####...


Dungeon Overview and Level Annotations

Branches:
Dungeon (12/15)            Temple (1/1) D:4            Lair (6/6) D:10
  Swamp (0/4) Lair:4       Spider (0/4) Lair:2        Slime (0/5) Lair:5
    Orc (2/2) D:10            Elf (3/3) Orc:2

Altars:
Ashenzari
Cheibriados
Dithmenos
Elyvilon
Fedhas
Gozag
Hepliaklqana
Kikubaaqudgha
Makhleb
Nemelex Xobeh
Okawaru
Qazlal
Ru
Sif Muna
Trog
Uskayaw
Vehumet
Wu Jian
Xom
Yredelemnul
Zin
The Shining One

Shops:
D:4 ?   D:6 :   Orc:2 *!}=   Elf:2 !=%


Innate Abilities, Weirdness & Mutations

You have large cloven feet.
You are mostly covered in rugged brown scales. (AC +2, +5% HP)
A demonic guardian rushes to your aid.
Your flesh is heat resistant. (rF+)
You frequently emit foul miasma when damaged in melee.
You are immune to rotting.
Your mind is acute. (Int +2)
Your spells are a little harder to cast, but a little more powerful.


Message History

Your soul eater hits the ghostly deep elf blademaster!
The orb of destruction hits the ghostly deep elf blademaster!!!
The ghostly deep elf blademaster is almost destroyed.
Casting: Orb of Destruction (safe; 1% risk of failure)
Confirm with . or Enter, or press ? or * to list all spells.
Aiming: Fireball (safe; 1% risk of failure)
Press: ? - help, Shift-Dir - straight line, f/p - ghostly deep elf blademaster
Aim: a ghostly deep elf blademaster, wielding two +1 rapiers of protection and wearing a +0 leather armour (magical condensation, almost destroyed)
You feel a strong surge of power!
The fireball explodes!
The fireball engulfs the ghostly deep elf blademaster.
You destroy the ghostly deep elf blademaster!
Vehumet accepts your kill.
You feel your power returning.
Your demonic guardian avoids your attack.
You hear a shout!
The deep elf annihilator casts a spell at you.
The bolt of lightning hits your ice devil!!
Your ice devil dies!
The bolt of lightning hits you!!!
You die...

**##.#.###3###e#.#
*#.......○##..#.#
###.######°##.##.#
#.......##e##....#
#.......##.e.###.##
#.......###.#.3.#.#
........# #.#...#.#
#.......###.#...#.#
#........###.###@##
................##
.##........###.##
.##.........##.#
.^..........##.#
.##.........##.#
.#.###.....##*.#
#.#...#.....,,,*
#.#...#..####***


You could see a deep elf annihilator, a deep elf demonologist and a friendly
smoke demon.

Vanquished Creatures
  2 deep elf blademasters
  A deep elf master archer (Elf:3)
  3 deep elf sorcerers (Elf:3)
  A deep elf elementalist (Elf:3)
  4 deep elf demonologists
  3 deep elf annihilators (Elf:3)
  2 deep elf death magi
  2 deep elf high priests
  Fannar (D:10)
  5 hydras
  3 catoblepae
  3 centaur warriors (Orc:2)
  A two-headed ogre (D:11)
  28 dancing weapons
  Erica (D:8)
  A deep troll shaman (Lair:6)
  12 death yaks
  13 deep elf knights
  Sonja (D:11)
  Nergalle (D:12)
  A fire crab (Lair:6)
  2 unseen horrors
  2 orc knights (Orc:2)
  16 deep elf archers
  An ugly thing (D:11)
  2 orc sorcerers
  49 deep elf magi
  2 cyclopes
  A manticore (D:12)
  Maurice (D:8)
  13 elephants
  7 black mambas
  6 spiny frogs
  A torpor snail (Lair:6)
  Psyche (D:9)
  10 komodo dragons
  A rime drake (Lair:6)
  3 trolls
  4 jumping spiders (Lair:2)
  A polar bear (Lair:6)
  A blink frog (shapeshifter) (D:8)
  15 dream sheep
  2 hornets
  22 blink frogs
  6 hippogriffs
  4 redbacks (Lair:2)
  A shadow (D:8)
  42 yaks
  An air elemental (Elf:2)
  A vampire (D:12)
  2 water elementals (Elf:2)
  A wyvern (D:12)
  4 fire bats (Orc:2)
  2 fire elementals
  A steam dragon (D:9)
  3 vampire mosquitoes
  4 wargs
  8 porcupines
  11 water moccasins
  4 sky beasts
  31 orc warriors
  An eye of draining (D:9)
  2 black bears
  4 phantoms
  5 necrophages
  6 ogres
  12 crocodiles
  19 wolves
  13 centaurs
  4 big kobolds
  10 bullfrogs
  An earth elemental (Elf:2)
  A wyvern skeleton (D:11)
  5 scorpions
  6 wights
  2 howler monkeys (D:11)
  4 crimson imps
  2 bullfrog zombies
  4 centaur zombies
  A hound (D:11)
  3 jellies (D:8)
  A bullfrog skeleton (D:7)
  2 centaur skeletons
  17 orc priests
  A human zombie (Ossuary)
  13 orc wizards
  4 iguanas
  8 worker ants
  7 hell rats (Lair:4)
  A killer bee zombie (D:7)
  A big kobold zombie (Ossuary)
  2 hound skeletons
  6 mummies
  2 worker ant zombies
  2 howler monkey zombies
  5 gnolls
  A howler monkey skeleton (D:9)
  14 adders
  3 river rats
  3 shadow imps
  An adder skeleton (D:4)
  2 worms (D:3)
  2 dart slugs
  7 leopard geckos
  61 orcs
  7 ball pythons
  8 bats
  5 giant cockroaches
  A gnoll zombie (Ossuary)
  4 goblins
  2 hobgoblins (D:1)
  3 jackals
  22 kobolds
  3 quokkas
  6 frilled lizards
  A giant cockroach zombie (D:6)
  2 goblin zombies (Ossuary)
  A hobgoblin zombie (Ossuary)
  A leopard gecko zombie (D:7)
  An orc zombie (Ossuary)
  15 rats
  A bush (Lair:1)
  8 fungi
  13 plants
753 creatures vanquished.

Vanquished Creatures (collateral kills)
  Saint Roka (Orc:2)
  Jorgrun (D:12)
  Rupert (Orc:2)
  A dire elephant (Lair:6)
  Snorg (D:12)
  Harold (D:8)
  3 hydras
  A two-headed ogre (D:8)
  A dancing weapon (Elf:1)
  3 death yaks
  A deep elf knight (Elf:2)
  Pikel (D:5)
  An unseen horror (D:11)
  An ugly thing (D:12)
  A manticore (D:11)
  3 deep elf magi
  4 elephants (Lair:6)
  A spiny frog (Lair:1)
  A komodo dragon (Lair:1)
  Grinder (D:5)
  Prince Ribbit (D:9)
  2 blink frogs (Lair:6)
  2 hippogriffs
  14 yaks
  A human (D:7)
  4 hogs (D:7)
  Grum (D:8)
  2 slaves (D:5)
  2 eyes of draining
  A necrophage (D:7)
  2 sky beasts
  An ogre (D:4)
  2 wolves
  3 crocodiles
  A bullfrog (Lair:4)
  2 hounds
  3 orc wizards
  2 worker ants (D:4)
  An iguana (D:6)
  A mummy (D:7)
  4 gnolls
  4 adders
  An adder zombie (D:7)
  7 orcs
  A giant cockroach (D:4)
  4 jackals
  A frilled lizard (D:4)
99 creatures vanquished.

Vanquished Creatures (others)
  A slave (D:5)
  A gnoll shaman (Orc:2)
  An adder (D:5)
  24 fungi
  21 plants
48 creatures vanquished.

Grand Total: 900 creatures vanquished

Notes
Turn   | Place    | Note
-------+----------+-------------------------------------------
     0 | D:1      | Dfrag the Demonspawn Fire Elementalist began the quest for
                  | the Orb.
     0 | D:1      | Reached XP level 1. HP: 13/13 MP: 3/3
   161 | D:1      | Gained mutation: A weak demonic guardian rushes to your
                  | aid. [demonic ancestry]
   161 | D:1      | Reached XP level 2. HP: 13/19 MP: 3/5
   533 | D:1      | Gained mutation: A demonic guardian rushes to your aid.
                  | [demonic ancestry]
   533 | D:1      | Reached XP level 3. HP: 23/24 MP: 2/6
   695 | D:2      | Found a shadowy altar of Dithmenos.
  1348 | D:3      | Reached XP level 4. HP: 24/30 MP: 2/8
  1421 | D:3      | Learned a level 3 spell: Conjure Flame
  1426 | D:3      | Learned a level 4 spell: Sticky Flame
  2088 | D:3      | Reached XP level 5. HP: 24/35 MP: 6/9
  2558 | D:4      | Found an opulent altar of Gozag.
  2610 | D:4      | Found a bloodstained altar of Trog.
  2611 | D:4      | Noticed an eye of draining
  2639 | D:4      | Killed an eye of draining
  2639 | D:4      | Gained mutation: You are partially covered in rugged brown
                  | scales. (AC +1, +3% HP) [demonic ancestry]
  2639 | D:4      | Reached XP level 6. HP: 27/42 MP: 4/11
  3316 | D:4      | Found Yfext's Magic Scroll Emporium.
  3326 | D:4      | Bought a scroll of identify for 24 gold pieces
  3326 | D:4      | Bought a scroll of identify for 24 gold pieces
  3326 | D:4      | Bought a scroll of teleportation for 36 gold pieces
  3326 | D:4      | Bought a scroll of noise for 12 gold pieces
  3360 | D:4      | Found a staircase to the Ecumenical Temple.
  3412 | Temple   | Entered the Ecumenical Temple
  3493 | Temple   | Became a worshipper of Vehumet
  3620 | D:5      | Entered Level 5 of the Dungeon
  3636 | D:5      | Gained mutation: You are immune to rotting. [demonic
                  | ancestry]
  3636 | D:5      | Reached XP level 7. HP: 34/47 MP: 6/13
  3646 | D:5      | Noticed Grinder
  3670 | D:5      | Killed Grinder
  3738 | D:5      | Found a glowing drain.
  3738 | D:5      | Noticed Pikel
  3774 | D:5      | Killed Pikel
  3774 | D:5      | Reached skill level 5 in Spellcasting
  3774 | D:5      | Reached skill level 5 in Conjurations
  3774 | D:5      | Reached skill level 5 in Fire Magic
  3799 | Sewer    | Entered a sewer
  4780 | D:6      | Found Vuitzyi's Book Shoppe.
  4795 | D:6      | Reached XP level 8. HP: 53/53 MP: 10/15
  4797 | D:6      | Reached * piety under Vehumet
  4797 | D:6      | Offered knowledge of Sting by Vehumet.
  5006 | D:6      | Learned a level 5 spell: Fireball
  5583 | D:7      | Reached ** piety under Vehumet
  5583 | D:7      | Offered knowledge of Sandblast by Vehumet.
  5658 | D:7      | Noticed a hippogriff
  5670 | D:7      | Killed a hippogriff
  5670 | D:7      | Gained mutation: You have large cloven feet. [demonic
                  | ancestry]
  5670 | D:7      | Reached XP level 9. HP: 42/58 MP: 18/18
  6074 | D:7      | Offered knowledge of Searing Ray by Vehumet.
  6081 | D:7      | Learned a level 2 spell: Searing Ray
  6367 | D:8      | Noticed Harold
  6381 | D:8      | Killed Harold
  6409 | D:8      | Found a sand-covered staircase.
  6414 | Ossuary  | Entered an ossuary
  6601 | Ossuary  | Reached *** piety under Vehumet
  6653 | D:8      | Gained mutation: Armour fits poorly on your strangely
                  | shaped body. [potion of mutation]
  6653 | D:8      | Gained mutation: You have sharp fingernails. [potion of
                  | mutation]
  6654 | D:8      | Lost mutation: Armour fits poorly on your strangely shaped
                  | body. [potion of mutation]
  6654 | D:8      | Gained mutation: You are frail. (-10% HP) [potion of
                  | mutation]
  6654 | D:8      | Gained mutation: You possess an exceptional clarity of
                  | mind. [potion of mutation]
  6655 | D:8      | Lost mutation: You possess an exceptional clarity of mind.
                  | [potion of mutation]
  6655 | D:8      | Lost mutation: You are frail. (-10% HP) [potion of
                  | mutation]
  6655 | D:8      | Gained mutation: You are clumsy. (Dex -2) [potion of
                  | mutation]
  6655 | D:8      | Lost mutation: You are clumsy. (Dex -2) [potion of
                  | mutation]
  6655 | D:8      | Gained mutation: You are somewhat resistant to further
                  | mutation. [potion of mutation]
  6656 | D:8      | Lost mutation: You are somewhat resistant to further
                  | mutation. [potion of mutation]
  6656 | D:8      | Lost mutation: You have sharp fingernails. [potion of
                  | mutation]
  6656 | D:8      | Gained mutation: Your spells are a little harder to cast,
                  | but a little more powerful. [potion of mutation]
  6656 | D:8      | Gained mutation: Your mind is acute. (Int +2) [potion of
                  | mutation]
  6683 | D:8      | Found a shattered altar of Ashenzari.
  6714 | D:8      | Noticed Maurice
  6720 | D:8      | Killed Maurice
  6720 | D:8      | Gained mutation: You are mostly covered in rugged brown
                  | scales. (AC +2, +5% HP) [demonic ancestry]
  6720 | D:8      | Reached XP level 10. HP: 58/66 MP: 2/22
  6745 | D:8      | Noticed Grum
  6756 | D:8      | Killed Grum
  6757 | D:8      | Offered knowledge of Olgreb's Toxic Radiance by Vehumet.
  7073 | D:8      | Noticed a two-headed ogre
  7182 | D:8      | Found an ornate altar of the Wu Jian Council.
  7184 | D:8      | Found a hide-covered altar of Uskayaw.
  7218 | D:8      | Noticed Erica
  7226 | D:8      | Killed Erica
  7523 | D:8      | Killed a two-headed ogre
  7754 | D:9      | Reached **** piety under Vehumet
  7771 | D:9      | Noticed Psyche
  7786 | D:9      | Killed Psyche
  7941 | D:9      | Found a stormy altar of Qazlal.
  7994 | D:9      | Noticed Prince Ribbit
  7998 | D:9      | Killed Prince Ribbit
  7998 | D:9      | Offered knowledge of Bolt of Draining by Vehumet.
  7998 | D:9      | Gained mutation: You may emit foul miasma when damaged in
                  | melee. [demonic ancestry]
  7998 | D:9      | Reached XP level 11. HP: 57/71 MP: 4/24
  8090 | D:9      | Reached skill level 10 in Conjurations
  8318 | D:10     | Entered Level 10 of the Dungeon
  8322 | D:10     | Found a staircase to the Orcish Mines.
  8352 | D:10     | Noticed Fannar
  8356 | D:10     | Killed Fannar
  8373 | D:10     | You fall through a shaft!
  8738 | D:11     | Noticed an unseen horror
  8741 | D:11     | Killed an unseen horror
  8891 | D:11     | Noticed a purple ugly thing
  8897 | D:11     | Killed a purple ugly thing
  8897 | D:11     | Reached skill level 10 in Fire Magic
  9139 | D:11     | Reached skill level 10 in Spellcasting
  9223 | D:11     | Noticed Sonja
  9225 | D:11     | Killed Sonja
  9263 | D:11     | Noticed a two-headed ogre
  9267 | D:11     | Killed a two-headed ogre
  9324 | D:11     | Noticed an unseen horror
  9325 | D:11     | Killed an unseen horror
  9657 | D:11     | Noticed a four-headed hydra
  9659 | D:11     | Killed a four-headed hydra
  9874 | D:10     | Found a staircase to the Lair.
 10499 | D:12     | Reached XP level 12. HP: 77/77 MP: 26/26
 10535 | D:12     | Reached ***** piety under Vehumet
 10542 | D:12     | Offered knowledge of Force Lance by Vehumet.
 10771 | D:12     | Noticed Nergalle
 10797 | D:12     | Killed Nergalle
 10823 | D:12     | Noticed Snorg
 10827 | D:12     | Killed Snorg
 10830 | D:12     | Noticed Jorgrun
 10834 | D:12     | Killed Jorgrun
 11213 | Lair:1   | Entered Level 1 of the Lair of Beasts
 11392 | Lair:1   | Noticed a seven-headed hydra
 11399 | Lair:1   | Killed a seven-headed hydra
 12205 | Lair:1   | Noticed a seven-headed hydra
 12209 | Lair:1   | Killed a seven-headed hydra
 12209 | Lair:1   | Gained mutation: Your flesh is heat resistant. (rF+)
                  | [demonic ancestry]
 12209 | Lair:1   | Reached XP level 13. HP: 82/82 MP: 24/28
 12766 | Lair:2   | You fall through a shaft!
 13068 | Lair:3   | Got a fabulously ornate robe
 13079 | Lair:3   | Identified the +1 robe of Analysis {+Blink} (You found it
                  | on level 3 of the Lair of Beasts)
 13580 | Lair:4   | Found a deep blue altar of Sif Muna.
 13632 | Lair:4   | Offered knowledge of Spellforged Servitor by Vehumet.
 13805 | Lair:4   | Found a staircase to the Swamp.
 15128 | Lair:5   | Found a staircase to the Slime Pits.
 15315 | Lair:6   | Entered Level 6 of the Lair of Beasts
 15346 | Lair:6   | Gained mutation: You frequently emit foul miasma when
                  | damaged in melee. [demonic ancestry]
 15346 | Lair:6   | Reached XP level 14. HP: 63/89 MP: 31/31
 15366 | Lair:6   | Offered knowledge of Bolt of Magma by Vehumet.
 16199 | Lair:6   | Offered knowledge of Iskenderun's Battlesphere by Vehumet.
 17333 | Lair:2   | Reached skill level 15 in Conjurations
 17457 | Lair:2   | Found a hole to the Spider Nest.
 17797 | Orc:1    | Entered Level 1 of the Orcish Mines
 17965 | Orc:2    | Entered Level 2 of the Orcish Mines
 17975 | Orc:2    | Reached XP level 15. HP: 86/94 MP: 22/33
 17978 | Orc:2    | Noticed Saint Roka
 18219 | Orc:1    | Learned a level 4 spell: Airstrike
 19122 | Orc:2    | Noticed Rupert
 19125 | Orc:2    | Killed Rupert
 19133 | Orc:2    | Found a staircase to the Elven Halls.
 19839 | Orc:2    | Reached ****** piety under Vehumet
 19952 | Orc:2    | Killed Saint Roka
 20322 | Orc:2    | Found Kiomiub's Distillery.
 20322 | Orc:2    | Found Oqutsu's Gadget Boutique.
 20324 | Orc:2    | Found Itaguiph's Jewellery Shop.
 20326 | Orc:2    | Found Qeamutepyso's General Store.
 20330 | Orc:2    | Bought 2 potions of lignification for 72 gold pieces
 20332 | Orc:2    | Bought 3 scrolls of identify for 84 gold pieces
 20332 | Orc:2    | Bought a scroll of identify for 28 gold pieces
 20364 | Orc:2    | Offered knowledge of Orb of Destruction by Vehumet.
 20591 | Orc:2    | Learned a level 7 spell: Orb of Destruction
 20640 | Elf:1    | Entered Level 1 of the Elven Halls
 21067 | Elf:1    | Noticed an Ice Fiend
 21541 | Elf:1    | Reached skill level 15 in Fire Magic
 22279 | Elf:2    | Reached skill level 1 in Fighting
 22279 | Elf:2    | Reached skill level 15 in Spellcasting
 22923 | Elf:2    | Reached XP level 16. HP: 100/109 MP: 35/35
 23113 | Elf:2    | Found Geaduats's Food Boutique.
 23113 | Elf:2    | Found Lokasoj's Jewellery Shop.
 23134 | Elf:2    | Bought an uncursed ring of fire for 300 gold pieces
 23163 | Elf:2    | Found Poheb's Distillery.
 23304 | Elf:2    | Bought a potion of mutation for 112 gold pieces
 23304 | Elf:2    | Bought a potion of curing for 42 gold pieces
 23304 | Elf:2    | Bought 3 potions of degeneration for 42 gold pieces
 23309 | Elf:2    | Bought a potion of heal wounds for 70 gold pieces
 23309 | Elf:2    | Bought a potion of heal wounds for 70 gold pieces
 23419 | Elf:2    | Reached skill level 5 in Fighting
 23444 | Elf:2    | Offered knowledge of Poison Arrow by Vehumet.
 23648 | Elf:2    | Found a huge runed translucent gate.
 23648 | Elf:2    | Found a huge runed translucent gate.
 23648 | Elf:2    | Found a huge runed translucent gate.
 23648 | Elf:2    | Found a huge runed translucent gate.
 23648 | Elf:2    | Found a huge runed translucent gate.
 23899 | Elf:2    | Noticed a deep elf blademaster
 23903 | Elf:2    | Killed a deep elf blademaster
 24558 | Elf:3    | Entered Level 3 of the Elven Halls
 24783 | Elf:3    | Identified the +3 dire flail of Sudden Death {antimagic,
                  | Fragile rN+ Dex+2}
 25087 | Elf:3    | Noticed a deep elf master archer
 25089 | Elf:3    | Killed a deep elf master archer
 25089 | Elf:3    | Reached XP level 17. HP: 80/132 MP: 37/37
 25089 | Elf:3    | Noticed a deep elf blademaster
 25093 | Elf:3    | Killed a deep elf blademaster
 25097 | Elf:3    | Killed a ghostly deep elf blademaster
 25106 | Elf:3    | Killed from afar by a deep elf annihilator

Levels and vault maps discovered:
D:1:      sevenhm_arrival_forest_fort_large_1, layout_rooms
D:2:      layout_loops_ring, grunt_dithmenos_smoke, first_ration, eino_curves_02
D:3:      layout_basic, chequers_serial_rivers_small_3, minmay_pentangle
D:4:      cheibrodos_barr_body, layout_basic, trog_eyes_of_draining,
          temple_green, serial_shops, shop_fountains, minmay_misc_feat_square,
          nicolae_gozag_cash_rules_everything_around_me
D:5:      layout_loops_ring, portal_sewer_entry_a, uniq_pikel, uniq_grinder
D:6:      layout_loops_cross, serial_shops, shop, minmay_misc_feat_plants
D:7:      layout_loops_ring, serial_undead, serial_undead_f, serial_undead_d,
          serial_undead_d, serial_undead_e, serial_undead_d, serial_undead_a,
          serial_undead_a, grunt_livestock, kennysheep_generic_room_10
D:8:      minmay_chambers_of_sevens, layout_rooms,
          ashenzari_conservatory_becter, gammafunk_temple_overflow_statue,
          enter_ossuary_2, uniq_harold, uniq_maurice, uniq_grum, uniq_erica
D:9:      layout_roguey, nicolae_qazlal_general_emergency, uniq_psyche,
          uniq_prince_ribbit1
D:10:     layout_basic, lair_entry_dummy, david_orc_2,
          kennysheep_generic_room_13, uniq_fannar
D:11:     layout_stronghold, serial_column_ruins, column_ruins_hut,
          column_ruins_square_huge, column_ruins_open_small,
          column_ruins_grid_2, column_ruins_corridor_straight,
          column_ruins_open_small_water, column_ruins_corridor_corner,
          uniq_sonja
D:12:     layout_long_grid, uniq_snorg, uniq_nergalle, uniq_jorgrun
Temple:   regret_index_temple_sphere_string
Lair:1:   minmay_lair_venomous_thicket, layout_cave_pods,
          infiniplex_staircase_pool_2, grunt_megastairs_3
Lair:2:   layout_gridlike, nicolae_spider_entry_tight_spaces
Lair:3:   layout_gridlike
Lair:4:   layout_gridlike, swamp_mist, basic_altar, kennysheep_abandoned_house
Lair:5:   layout_loops_ring, dpeg_slime_entry_corner, infiniplex_staircase_pool,
          lemuel_fruit_fields
Lair:6:   grunt_lair_end_beastmaster, layout_regular_city,
          minmay_shattered_shrine
Orc:1:    layout_caves
Orc:2:    st_orc_rangers, layout_caves, nicolae_orc_lava_tube, uniq_saint_roka,
          uniq_rupert
Elf:1:    elf_arrival_002, layout_loops_corners, hangedman_elf_represent,
          grunt_ministairs_11
Elf:2:    layout_geoelf_octagon, serial_shops, shop, lemuel_flamethrower_3,
          minmay_shoptagon
Elf:3:    minmay_elf_hall_dome, layout_loops_cross,
          minmay_checkered_concentric_circles
Sewer:    sewer_co_scattered_pipes
Ossuary:  ossuary_crypta

Skill      XL: |  1  2  3  4  5  6  7  8  9 10 11 12 13 14 15 16 |
---------------+-------------------------------------------------+-----
Fire Magic     | 3 4 5 6 8 9 10 12 13 14 15 | 15.0
Conjurations   | 2 3 4 5 6 8 9 11 12 13 15 16 | 16.0
Spellcasting   | 3 4 5 6 8 9 10 11 13 14 15 16 | 16.8
Fighting       | 3 9 |  9.7
Dodging        | |  1.7
Stealth        | |  1.7

Action                   |  1- 3 |  4- 6 |  7- 9 | 10-12 | 13-15 | 16-18 || total
-------------------------+-------+-------+-------+-------+-------+-------++-------
Melee: Hand axe          |     9 |     3 |    30 |    81 |       |       ||   123
       Scimitar          |       |    18 |    87 |       |       |       ||   105
       Kick              |       |       |     4 |     6 |       |       ||    10
       Staff             |       |       |       |    54 |    44 |     8 ||   106
 Cast: Flame Tongue      |    60 |    79 |   138 |    64 |    16 |     5 ||   362
       Sticky Flame      |       |     4 |    28 |    56 |    52 |       ||   140
       Fireball          |       |       |     8 |   122 |   308 |    67 ||   505
       Searing Ray       |       |       |       |       |    11 |       ||    11
       Airstrike         |       |       |       |       |    15 |    12 ||    27
       Orb of Destructio |       |       |       |       |     2 |    34 ||    36
Evoke: Wand              |       |       |       |     4 |       |     3 ||     7
  Use: Scroll            |       |       |     9 |     2 |    13 |     5 ||    29
       Potion            |       |       |     4 |       |     1 |     3 ||     8
 Stab: Sleeping          |       |       |     1 |     1 |       |       ||     2
  Eat: Chunk             |     1 |     7 |    16 |    38 |    51 |    17 ||   130
       Ration            |       |       |       |     1 |     4 |     1 ||     6
Armor: Robe              |     6 |     2 |       |       |       |       ||     8
       Leather armour    |       |    20 |    49 |    27 |    88 |    20 ||   204
       Steam dragon scal |       |       |       |    80 |    10 |       ||    90
Dodge: Dodged            |    27 |    45 |    75 |   137 |   122 |    19 ||   425
       Rpst.: Scimitar   |       |     7 |    12 |       |       |       ||    19

Table legend:
 A = Non-vault XP
 B = Vault XP
 C = Vault XP percentage of total XP
 D = Non-vault monster count
 E = Vault monster count
 F = Vault count percentage of total count
                 A         B        C        D         E       F
            +---------+---------+-------+---------+---------+-------
      Total |  119709 |  103877 |  46.5 |     554 |     274 |  33.1
            +---------+---------+-------+---------+---------+-------
        D:1 |      39 |       4 |   9.3 |      20 |       3 |  13.0
        D:2 |      41 |       0 |   0.0 |       9 |       0 |   0.0
        D:3 |     111 |       1 |   0.9 |      29 |       1 |   3.3
        D:4 |     153 |     330 |  68.3 |      15 |      12 |  44.4
        D:5 |     164 |     498 |  75.2 |      14 |       4 |  22.2
        D:6 |     652 |       0 |   0.0 |      17 |       0 |   0.0
        D:7 |     955 |    1304 |  57.7 |      24 |      19 |  44.2
        D:8 |     463 |    4334 |  90.3 |      12 |      20 |  62.5
        D:9 |    2022 |     407 |  16.8 |      29 |       2 |   6.5
       D:10 |     405 |    1255 |  75.6 |       6 |       8 |  57.1
       D:11 |    7113 |     807 |  10.2 |      40 |       1 |   2.4
       D:12 |    7010 |    4323 |  38.1 |      36 |       3 |   7.7
     Lair:1 |    4433 |    1539 |  25.8 |      17 |      11 |  39.3
     Lair:2 |    3739 |    2069 |  35.6 |      13 |       8 |  38.1
     Lair:3 |    3844 |       0 |   0.0 |      17 |       0 |   0.0
     Lair:4 |    7176 |     738 |   9.3 |      39 |      18 |  31.6
     Lair:5 |    9340 |       0 |   0.0 |      25 |       0 |   0.0
     Lair:6 |   23505 |   11882 |  33.6 |      75 |      23 |  23.5
      Orc:1 |    1599 |     527 |  24.8 |      11 |       5 |  31.2
      Orc:2 |    4094 |   14691 |  78.2 |      39 |      43 |  52.4
      Elf:1 |   11109 |   10375 |  48.3 |      17 |      16 |  48.5
      Elf:2 |   24833 |   24057 |  49.2 |      39 |      30 |  43.5
      Elf:3 |    6909 |   24495 |  78.0 |      11 |      19 |  63.3
      Sewer |       0 |      51 | 100.0 |       0 |      16 | 100.0
    Ossuary |       0 |     190 | 100.0 |       0 |      12 | 100.0
            +---------+---------+-------+---------+---------+-------
